Map: Catalyst LE

Players

LiquidMaNa (MaNa) - Winner!

  • Race: Protoss Protoss
  • League: Grandmaster
  • Spawn Location: 11:00

liquidthermy (uThermal)

  • Race: Terran Terran
  • League: Grandmaster
  • Spawn Location: 5:00

VOD

Have the link to the VOD?

Description

Time

  • Played on: July 26, 2018, 11:17 a.m.
  • Length: 18:29
Show
View Real Time Build Order
Export as new Build Order

LiquidMaNa Protoss - Winner!

Build Orders: Colossus Rush 

Get SALT Encoding   

  12  0:02  Probe  
  13  0:14  Probe  
  13  0:18  Pylon  
  14  0:25  Probe  
  15  0:33  Probe  
  15  0:39  Gateway  
  15  0:42  Probe  
  16  0:49  Assimilator  
  17  0:52  Probe  
  18  1:00  Probe  
  19  1:08  Probe  
  19  1:14  Pylon  
  20  1:19  Probe  
  21  1:26  Cybernetics Core  
  21  1:27  Zealot  
  23  1:51  Nexus  
  23  1:54  Stalker  
  23  1:57  Assimilator  
  23  2:07  Probe  
  26  2:12  Warp Gate  
  26  2:19  Probe  
  27  2:24  Stalker  
  27  2:28  Pylon  
  29  2:31  Probe  
  30  2:43  Probe  
  31  2:49  Robotics Facility  
  31  2:55  Probe  
  32  3:01  Stalker  
  32  3:02  Probe  
  35  3:07  Probe  
  36  3:16  Probe  
  38  3:20  Probe  
  38  3:28  Warp Prism  
  38  3:29  Gateway  
  38  3:30  Gateway  
  41  3:41  Probe  
  41  3:43  Probe  
  42  3:49  Pylon  
  42  3:51  Probe  
  42  3:53  Probe  
  44  3:59  Probe  
  44  4:05  Probe  
  46  4:10  Probe  
  46  4:11  Observer  
  48  4:17  Probe  
  48  4:22  Probe  
  50  4:25  Stalker x3  
  50  4:29  Probe  
  57  4:32  Observer  
  57  4:34  Robotics Bay  
  57  4:35  Probe  
  57  4:37  Assimilator  
  59  4:40  Assimilator  
  59  4:41  Probe  
  59  4:42  Pylon  
  60  4:47  Probe  
  61  4:54  Probe  
  62  5:01  Observer  
  62  5:03  Forge, Probe  
  65  5:21  Probe x2  
  65  5:22  Nexus  
  65  5:26  Pylon  
  65  5:27  Protoss Ground Armor Level 1  
  66  5:33  Colossus, Probe x2  
  68  5:45  Twilight Council, Probe  
  68  5:46  Probe  
  76  5:51  Sentry  
  76  5:55  Pylon  
  76  5:56  Pylon  
  78  5:58  Observer  
  78  6:06  Extended Thermal Lance  
  78  6:12  Gateway  
  78  6:13  Gateway, Probe x2  
  78  6:14  Gateway  
  78  6:17  Colossus  
  80  6:25  Probe x2  
  82  6:30  Blink, Sentry x2  
  92  6:37  Probe x2  
  94  6:42  Probe  
  95  6:49  Robotics Facility, Probe x2  
  95  6:52  Assimilator  
  97  6:54  Probe  
  98  7:01  Probe x2  
  98  7:04  Protoss Ground Weapons Level 1  
  98  7:06  Probe  
  98  7:07  Zealot x3  
  107  7:11  Assimilator  
  107  7:13  Probe x2  
  107  7:14  Pylon  
  107  7:15  Pylon  
  109  7:30  Pylon, Probe  
  109  7:31  Colossus  
  109  7:35  Photon Cannon  
  109  7:37  Photon Cannon, Shield Battery  
  115  7:42  Stalker x2  
  119  7:51  Stalker x3  
  125  7:58  Pylon  
  125  7:59  Cybernetics Core  
  125  8:00  Pylon  
  125  8:15  Forge  
  125  8:16  Probe  
  125  8:17  Immortal, Probe  
  125  8:18  Zealot  
  133  8:21  Observer  
  133  8:25  Pylon, Charge  
  133  8:30  Pylon  
  133  8:31  Probe x2  
  133  8:32  Immortal  
  136  8:38  Protoss Ground Weapons Level 2  
  136  8:40  Protoss Ground Armor Level 2  
  136  8:41  Templar Archives  
  140  8:49  Stalker x3  
  140  8:50  Observer, Stalker  
  148  8:55  Disruptor  
  151  9:05  Stalker x2  
  155  9:13  Stalker  
  157  9:35  Pylon  
  157  9:36  Pylon  
  157  9:37  Pylon  
  157  9:38  Pylon, Stargate  
  157  9:50  Disruptor  
  157  9:53  Disruptor  
  157  9:55  Nexus  
  157  9:56  Pylon  
  157  9:59  Zealot x4  
  171  10:00  Zealot x2  
  173  10:20  High Templar x4, Zealot x2  
  185  10:24  Archon x2  
  185  10:28  Disruptor  
  185  10:44  Pylon  
  185  10:45  Pylon  
  185  10:47  Pylon  
  185  10:49  Pylon  
  185  10:52  Pylon  
  185  10:53  Protoss Ground Armor Level 3, Protoss Ground Weapons Level 3  
  185  10:54  Pylon  
  185  10:55  Pylon  
  183  11:05  Nexus  
  183  11:08  Stalker x3  
  187  11:20  Stalker x2  
  187  11:22  Stalker  
  192  11:32  Stalker x3  
  191  11:54  Disruptor  
  191  11:56  Disruptor  
  191  11:59  Zealot  
  197  12:19  Assimilator  
  197  12:22  Assimilator  
  196  12:36  Nexus  
  138  12:44  Zealot x4  
  138  12:45  Zealot x2, Disruptor x2  
  140  13:06  Stalker x6  
  140  13:13  Probe  
  140  13:16  Immortal x2  
  141  13:21  Probe  
  141  13:22  Probe  
  147  13:30  Stalker x3  
  153  13:53  Observer  
  147  13:58  Stalker  
  147  13:59  Stalker x5  
  150  14:21  Immortal x2  
  150  14:22  Stalker  
  160  14:27  Stalker x4, Sentry  
  170  14:44  Observer  
  170  14:47  Stalker x5  
  180  14:57  Zealot  
  181  15:00  Disruptor x2  
  185  15:11  Zealot x5  
  190  15:34  Stalker x5  
  194  15:52  Disruptor  
  193  16:14  Stalker x3  
  199  16:18  Nexus  
  197  16:25  Psionic Storm  
  193  16:33  Fleet Beacon  
  193  16:38  High Templar  
  185  16:42  High Templar  
  187  16:47  Assimilator  
  187  16:48  Pylon, Assimilator  
  187  17:07  Tempest  
  177  17:18  Nexus  
  183  17:30  Probe x3  
  186  17:42  Tempest  
  184  17:49  Probe x2  
  184  17:50  Pylon  
  173  18:19  Zealot x3  
  165  18:20  Zealot x3  
Show
View Real Time Build Order
Export as new Build Order

liquidthermy Terran 

Build Orders: Reaper Expand, MMM Bio 

Get SALT Encoding   

  12  0:01  SCV  
  13  0:13  SCV  
  14  0:17  Supply Depot  
  14  0:25  SCV  
  15  0:38  SCV  
  15  0:40  Barracks  
  16  0:44  Refinery  
  16  0:50  SCV  
  17  1:03  SCV  
  18  1:15  SCV  
  19  1:27  Reaper  
  19  1:28  Orbital Command  
  20  1:41  Command Center  
  20  1:52  Supply Depot  
  20  1:53  SCV  
  21  2:00  Barracks Reactor  
  21  2:05  SCV  
  22  2:17  SCV  
  22  2:22  Command Center  
  23  2:29  SCV  
  24  2:32  Barracks  
  24  2:37  Marine x2  
  24  2:41  SCV  
  27  2:52  Orbital Command  
  27  2:55  Marine  
  28  3:02  SCV  
  29  3:08  Engineering Bay  
  29  3:12  Marine x2  
  30  3:14  SCV  
  30  3:18  SCV  
  33  3:22  Barracks Tech Lab  
  33  3:24  Bunker  
  33  3:29  Marine  
  33  3:30  Marine  
  33  3:31  SCV  
  36  3:34  Orbital Command  
  36  3:40  Terran Infantry Weapons Level 1  
  37  3:42  Marauder  
  37  3:43  Stimpack  
  37  3:47  Marine  
  37  3:48  Marine  
  39  3:52  Missile Turret  
  39  3:55  Refinery  
  40  3:56  SCV  
  40  3:58  SCV  
  42  4:05  Marine x2, SCV  
  45  4:10  SCV  
  45  4:12  Marine  
  45  4:16  Bunker  
  47  4:19  SCV  
  48  4:24  Marauder  
  48  4:26  Bunker  
  48  4:27  SCV  
  48  4:31  SCV  
  51  4:32  Marine  
  51  4:34  Marine  
  53  4:41  Factory  
  53  4:43  SCV  
  55  4:45  SCV  
  55  4:51  Supply Depot  
  55  4:55  Marine x2  
  55  4:56  Marauder  
  55  4:59  SCV x2  
  61  5:05  Barracks  
  61  5:10  Supply Depot  
  61  5:12  SCV x2  
  63  5:17  Refinery  
  63  5:19  Refinery  
  63  5:20  Marine x2  
  63  5:21  Marauder  
  66  5:23  SCV  
  67  5:28  Starport  
  67  5:29  Factory Reactor  
  67  5:32  Supply Depot  
  67  5:33  SCV  
  67  5:34  SCV  
  69  5:38  Missile Turret  
  69  5:39  SCV  
  68  5:46  Barracks  
  68  5:48  Orbital Command  
  68  5:50  Barracks  
  68  5:54  Combat Shields  
  68  6:00  Barracks Tech Lab, Terran Infantry Armor Level 1  
  68  6:02  Marine x2  
  70  6:06  SCV x2  
  72  6:13  Factory Reactor  
  72  6:14  Medivac x2  
  72  6:15  SCV  
  77  6:19  SCV  
  77  6:21  Marine, Marauder, SCV  
  82  6:27  SCV  
  82  6:28  Marine, Supply Depot x2  
  82  6:31  Marauder, SCV  
  87  6:37  Barracks Tech Lab x2  
  87  6:38  SCV  
  87  6:39  Supply Depot, SCV  
  89  6:43  Marine, Marauder, Supply Depot  
  92  6:49  Medivac x2  
  92  6:50  SCV  
  97  6:57  SCV x2  
  97  6:59  Starport  
  98  7:02  SCV  
  98  7:07  Engineering Bay, Refinery  
  98  7:08  Marine, Refinery  
  100  7:10  Armory  
  100  7:14  Liberator x2  
  100  7:15  Marine x3, SCV x2  
  102  7:17  Marine, SCV  
  102  7:19  Concussive Shells  
  102  7:21  Liberator  
  107  7:27  SCV  
  107  7:28  Supply Depot  
  107  7:29  Liberator  
  108  7:33  SCV x2  
  108  7:34  Marine  
  117  7:40  Supply Depot, SCV  
  117  7:43  Supply Depot  
  120  7:49  Marine x2  
  120  7:50  Marauder  
  127  7:52  Supply Depot  
  127  7:53  Supply Depot  
  127  7:57  Marine  
  127  7:58  Marauder x2  
  132  8:01  Terran Infantry Weapons Level 2  
  132  8:06  Missile Turret  
  132  8:07  Marine x2, Supply Depot  
  132  8:11  Terran Infantry Armor Level 2  
  134  8:17  SCV  
  134  8:18  SCV  
  134  8:19  SCV  
  137  8:24  Viking  
  137  8:26  Terran Ship Weapons Level 1  
  139  8:28  Viking  
  139  8:30  Command Center  
  139  8:32  Viking  
  143  8:35  Viking  
  143  8:41  Marine, Marauder x2  
  148  8:44  Marine  
  148  8:45  Marauder  
  153  8:52  Marine  
  153  8:55  Viking  
  156  8:58  Viking  
  156  8:59  Marine  
  156  9:02  Viking, Supply Depot  
  160  9:03  Marine, Marauder  
  160  9:04  Marauder  
  164  9:10  Marine, Marauder  
  164  9:11  Viking  
  164  9:12  Liberator  
  164  9:14  Liberator  
  164  9:16  Marine  
  170  9:21  Marine  
  173  9:24  Marauder  
  173  9:25  Marauder  
  177  9:36  Marine  
  181  9:41  Planetary Fortress, Marine  
  181  9:42  Viking, Marauder x2  
  181  9:44  Missile Turret  
  188  9:46  Marine, Marauder, Supply Depot  
  188  9:48  Viking  
  193  9:53  Marine  
  194  10:03  Marauder, Liberator  
  194  10:06  Marine  
  196  10:08  Marauder  
  199  10:28  Marine  
  196  10:39  Viking  
  196  10:40  Marine x2, Marauder  
  196  10:42  Terran Infantry Armor Level 3, Terran Infantry Weapons Level 3  
  200  10:49  Factory Reactor  
  200  10:52  Barracks  
  200  10:53  Barracks  
  200  10:54  Barracks  
  197  11:00  Marine, Liberator  
  197  11:01  Marauder  
  199  11:16  Ghost Academy  
  198  11:21  Command Center  
  198  11:27  Liberator  
  198  11:37  Liberator  
  191  11:55  Marine  
  191  11:56  Marine, Marauder  
  191  11:57  Marauder, Liberator  
  191  11:58  Barracks Tech Lab x2  
  191  11:59  Barracks Tech Lab  
  198  12:16  Marine x2  
  198  12:18  Personal Cloaking  
  200  12:25  Barracks  
  200  12:26  Barracks  
  200  12:28  Barracks  
  192  12:30  Liberator  
  192  12:36  Liberator x2  
  173  12:40  Marine  
  173  12:41  Marine x2, Marauder x3  
  173  12:42  Marine, Marauder  
  141  12:48  Marine  
  141  12:49  Orbital Command  
  116  12:58  Marine x2  
  116  12:59  Marauder  
  116  13:00  Marauder  
  116  13:02  Marine, Marauder  
  116  13:03  Marauder  
  116  13:05  Medivac  
  129  13:16  Marine  
  129  13:18  Ghost x2  
  129  13:19  Ghost x2  
  131  13:22  Sensor Tower  
  134  13:27  Liberator  
  134  13:28  Marine, Marauder  
  134  13:30  Medivac, Marine, Marauder  
  134  13:32  SCV  
  134  13:33  SCV x3  
  134  13:34  Marine  
  146  13:38  Refinery  
  146  13:45  SCV x3  
  146  13:46  Marine  
  146  13:47  Marauder x2  
  143  13:55  Marine, Marauder  
  134  13:57  Marine, Marauder, SCV  
  134  13:59  SCV  
  137  14:03  Ghost  
  138  14:12  Refinery, SCV x4  
  138  14:13  Marine  
  138  14:14  Marauder  
  145  14:24  Planetary Fortress, SCV x3  
  146  14:27  Marine  
  146  14:28  Marine, Marauder  
  146  14:29  Marine x2, Supply Depot  
  146  14:30  Supply Depot  
  154  14:32  Supply Depot  
  154  14:36  SCV x2  
  156  14:41  Marine  
  156  14:42  Marauder  
  156  14:43  Marine  
  156  14:44  Marauder  
  156  14:45  Marine  
  156  14:46  Marauder  
  156  14:47  Marine  
  156  14:52  Marine, Marauder, SCV  
  164  14:56  SCV  
  162  15:00  SCV  
  162  15:01  SCV  
  162  15:05  SCV  
  165  15:13  SCV  
  166  15:14  Liberator  
  166  15:21  Marine, Marauder, SCV  
  157  15:22  Marine x3, Marauder  
  157  15:23  Marine, Liberator  
  157  15:27  Marine x2  
  152  15:57  Marine  
  149  16:08  Orbital Command  
  149  16:23  Supply Depot  
  142  17:25  Supply Depot  
  142  17:26  Supply Depot  
  142  17:29  Supply Depot  
  140  17:47  Marine x3, Marauder  
  140  17:48  Marauder x2  
Tags
 
Add a new tag
Caveats
  • Supply blocks, unpowered buildings, or Contaminate may cause inaccurate times.
  • Supply counts are checked every 10 seconds.